 Dungeon Crawl Stone Soup version 0.26.1-2-gb8aa6d0cf2 (webtiles) character file.

Game seed: 6374242467280548108

1606 pokeman the Thaumaturge (level 8, -1/45 HPs)
             Began as a Deep Elf Hedge Wizard on Feb 13, 2021.
             Was an Initiate of Vehumet.
             Slain by an ogre
             ... wielding a +0 giant club
              (26 damage)
             ... on level 6 of the Dungeon.
             The game lasted 00:16:07 (7068 turns).

pokeman the Thaumaturge (Deep Elf Hedge Wizard)     Turns: 7068, Time: 00:16:09

Health: -1/45      AC:  5    Str:  7    XL:     8   Next: 63%
Magic:  20/24      EV: 12    Int: 22    God:    Vehumet [......]
Gold:   124        SH:  0    Dex: 14    Spells: 16/27 levels left

rFire    + . .     SeeInvis .   f - -1 dagger (curse)
rCold    + . .     Faith    .   (no shield)
rNeg     . . .     Spirit   .   o - +0 leather armour
rPois    .         Reflect  .   h - +0 helmet
rElec    .         Harm     .   i - scarf {rC+ rF+}
rCorr    .         Rampage  .   (no gloves)
Will     .....                  z - +0 pair of boots
Stlth    ++........             (no amulet)
HPRegen  0.15/turn              (no ring)
MPRegen  0.19/turn              (no ring)

@: no status effects
A: no striking features
a: Renounce Religion


You were on level 6 of the Dungeon.
You worshipped Vehumet.
Vehumet was noncommittal.
You visited 2 branches of the dungeon, and saw 7 of its levels.

You collected 221 gold pieces.
You spent 97 gold pieces at shops.

Inventory:

Hand Weapons
 f - a cursed -1 dagger (weapon)
 x - a +3 flail of freezing
Missiles
 a - 81 arrows
 j - 53 bolts
Armour
 h - a +0 helmet (worn)
 i - a scarf of resistance (worn)
 o - a +0 leather armour (worn)
 z - a +0 pair of boots (worn)
Wands
 w - a wand of digging (1)
Scrolls
 b - a scroll of fog
 d - 2 scrolls of teleportation {unknown}
 k - 4 scrolls of remove curse {unknown}
 m - 4 scrolls of identify
 q - 2 scrolls of magic mapping
 r - 4 scrolls of blinking {unknown}
 s - 3 scrolls of fear {unknown}
 t - 2 scrolls of enchant weapon {unknown}
 u - 2 scrolls of enchant armour {unknown}
 y - 2 scrolls of amnesia {unknown}
Potions
 c - 4 potions of haste {unknown}
 e - 2 potions of brilliance {unknown}
 g - a potion of curing {unknown}
 l - a potion of degeneration {unknown}
 n - a potion of berserk rage {unknown}
 p - a potion of attraction {unknown}
 v - a potion of invisibility {unknown}
 A - a potion of lignification {unknown}


   Skills:
 - Level 2.3 Fighting
 + Level 2.5 Armour
 - Level 3.0 Dodging
 - Level 3.0 Stealth
 * Level 10.0 Spellcasting
 + Level 5.3 Conjurations
 - Level 1.1 Summonings
 - Level 1.1 Translocations
 + Level 3.9 Fire Magic
 - Level 1.1 Air Magic
 - Level 1.0 Poison Magic
 - Level 1.2 Evocations


You had 16 spell levels left.
You knew the following spells:

 Your Spells              Type           Power        Failure   Level
a - Magic Dart            Conj           100%         1%          1
b - Mephitic Cloud        Conj/Pois/Air  22%          10%         3
c - Call Imp              Summ           15%          9%          2
d - Blink                 Tloc           N/A          9%          2
e - Conjure Flame         Conj/Fire      31%          3%          3

Your spell library contained the following spells:

 Spells                   Type           Power        Failure   Level
 Summon Small Mammal      Summ           60%          5%          1
 Slow                     Hex            11%          13%         2
 Call Canine Familiar     Summ           15%          17%         3
 Gell's Gravitas          Tloc           7%           17%         3
 Summon Guardian Golem    Hex/Summ       13%          22%         3
 Confusing Touch          Hex            11%          26%         3
 Summon Lightning Spire   Summ/Air       15%          50%         4
 Summon Ice Beast         Ice/Summ       13%          56%         4
 Petrify                  Tmut/Erth      11%          65%         4
 Metabolic Englaciation   Hex/Ice        5%           94%         5
 Yara's Violent Unravell  Hex/Tmut       5%           94%         5


Dungeon Overview and Level Annotations

Branches:
Dungeon (6/15)             Temple (1/1) D:4

Altars:
Ashenzari
Dithmenos
Fedhas
Gozag
Okawaru
Qazlal
Uskayaw
Vehumet
Wu Jian
Yredelemnul
Zin
Lugonu

Shops:
D:4 ?


Message History

You hit the ogre but do no damage. The ogre closely misses you.
Casting: Mephitic Cloud (dangerous; 10% risk of failure)
Confirm with . or Enter, or press ? or * to list all spells.
Aiming: Magic Dart (safe; 1% risk of failure)
Press: ? - help, Shift-Dir - straight line, f/p - ogre
Aim: an ogre, wielding a +0 giant club (confused, 0% to evade)
The magic dart hits the ogre.
The ogre is lightly wounded.
The ogre hits you with a +0 giant club!!
Unknown command.
Casting: Magic Dart (safe; 1% risk of failure)
Confirm with . or Enter, or press ? or * to list all spells.
Aiming: Magic Dart (safe; 1% risk of failure)
Press: ? - help, Shift-Dir - straight line, f/p - ogre
Aim: an ogre, wielding a +0 giant club (lightly wounded, confused, 0% to evade)
The magic dart hits the ogre.
The ogre is moderately wounded.
The ogre hits you with a +0 giant club!!
Ouch! That really hurt!
You die...

...## #°...§# #.##.# #
....########.....####.##.#
####
........†....._....##.##.#
#...
....########.....#.##.##.#
#.## ....# #○....#.#######
#### ###.###### ###.#####
.........##.##.#.#
.##.#.#.....<#.).#
.####.#..##.####@#
................O#
.>###.#..######.○.
..###.#..# .....
.........# ##...##
...###...# ..... ...# ...#
####. #..###...# ..
..........


You could see an ogre (confused).

Vanquished Creatures
  Pikel (D:4)
  An ogre (D:4)
  A phantom (D:6)
  A necrophage (D:6)
  A lemure (D:3)
  3 bullfrogs (D:6)
  A gnoll sergeant (D:5)
  4 wights (D:3)
  A centaur zombie (D:6)
  2 hounds
  2 orc priests (D:2)
  An orc wizard (D:6)
  A centaur skeleton (D:5)
  3 worker ants
  7 gnolls
  11 adders
  An ooze (D:3)
  2 worms
  2 dart slugs
  6 leopard geckos
  12 orcs
  A ball python (D:5)
  8 bats
  3 giant cockroaches
  2 goblins
  5 hobgoblins
  6 frilled lizards
  8 kobolds
  5 rats
102 creatures vanquished.

Vanquished Creatures (collateral kills)
  A worker ant (D:2)
  An orc (D:2)
  A ball python skeleton (D:4)
3 creatures vanquished.

Grand Total: 105 creatures vanquished

Notes
Turn   | Place    | Note
-------+----------+-------------------------------------------
     0 | D:1      | pokeman the Deep Elf Hedge Wizard began the quest for the
                  | Orb.
     0 | D:1      | Reached XP level 1. HP: 10/10 MP: 7/7
   329 | D:1      | Reached XP level 2. HP: 15/15 MP: 4/9
  1227 | D:2      | Reached skill level 5 in Spellcasting
  1625 | D:2      | Reached XP level 3. HP: 20/20 MP: 9/11
  1629 | D:2      | Learned a level 3 spell: Conjure Flame
  1632 | D:2      | Learned a level 2 spell: Call Imp
  1636 | D:2      | Learned a level 3 spell: Mephitic Cloud
  1639 | D:2      | Learned a level 2 spell: Blink
  1815 | D:2      | Reached skill level 1 in Fighting
  1815 | D:2      | Reached skill level 1 in Armour
  1815 | D:2      | Reached XP level 4. HP: 25/25 MP: 6/13
  2259 | D:3      | Reached skill level 6 in Spellcasting
  2473 | D:3      | Reached skill level 1 in Fire Magic
  2473 | D:3      | Reached XP level 5. HP: 29/29 MP: 10/15
  2687 | D:3      | Found a basalt altar of Yredelemnul.
  2891 | D:3      | Found a glowing silver altar of Zin.
  3391 | D:3      | Reached skill level 1 in Air Magic
  3580 | D:3      | Found an opulent altar of Gozag.
  3655 | D:3      | Reached XP level 6. HP: 34/34 MP: 3/17
  3798 | D:3      | Reached skill level 7 in Spellcasting
  4171 | D:4      | Found Bahi's Magic Scroll Boutique.
  4172 | D:4      | Found a shadowy altar of Dithmenos.
  4181 | D:4      | Reached skill level 1 in Poison Magic
  4204 | D:4      | Reached skill level 1 in Evocations
  4471 | D:4      | Bought a scroll of magic mapping for 45 gold pieces
  4471 | D:4      | Bought a scroll of identify for 26 gold pieces
  4471 | D:4      | Bought a scroll of fog for 26 gold pieces
  4606 | D:4      | Noticed Pikel
  4625 | D:4      | Killed Pikel
  4626 | D:4      | Reached skill level 8 in Spellcasting
  4626 | D:4      | Reached XP level 7. HP: 40/40 MP: 13/21
  4868 | D:4      | Found an ornate altar of the Wu Jian Council.
  4868 | D:4      | Found an iron altar of Okawaru.
  4939 | D:4      | Found a staircase to the Ecumenical Temple.
  4948 | Temple   | Entered the Ecumenical Temple
  5000 | Temple   | Became a worshipper of Vehumet
  5104 | D:5      | Entered Level 5 of the Dungeon
  5674 | D:5      | Reached XP level 8. HP: 45/45 MP: 17/22
  5879 | D:5      | Reached skill level 9 in Spellcasting
  6538 | D:6      | Reached skill level 5 in Conjurations
  6837 | D:6      | Reached skill level 10 in Spellcasting
  6967 | D:6      | Found a stormy altar of Qazlal.
  7068 | D:6      | Slain by an ogre

Illustrated notes

Levels and vault maps discovered:
D:1:      lightli_arrival_statuegarden, layout_basic
D:2:      layout_loops_ring, palyth_stone_intersect
D:3:      layout_rooms, pdpol_temple_overflow_zin_treasury_gozag_greed,
          marbit_many_paths
D:4:      layout_rooms, lemuel_crystal_altar, grunt_temple_overflow_open,
          minmay_temple_entry_statues_fountains, serial_shops, shop,
          dk_noncrumbling_4, minmay_crossroads, uniq_pikel
D:5:      layout_loops_ring
D:6:      minmay_recursive_quarters, layout_loops_ring, cheibriados_altar_1,
          kennysheep_mini, grunt_qazlal_clouds,
          chequers_temple_overflow_minitemple
Temple:   kb_corrupted_temple

Skill      XL: |  1  2  3  4  5  6  7  8 |
---------------+-------------------------+-----
Spellcasting   | 5 6 8 10 | 10.0
Fighting       | 1 2 |  2.3
Armour         | 1 2 |  2.5
Conjurations   | 2 3 4 5 |  5.3
Fire Magic     | 1 2 3 |  3.9
Dodging        | 3 |  3.0
Air Magic      | 1 |  1.1
Stealth        | 3 |  3.0
Poison Magic   | 1 |  1.0
Evocations     | 1 |  1.2
Summonings     | |  1.1
Translocations | |  1.1

Action                   |  1- 3 |  4- 6 |  7- 9 || total
-------------------------+-------+-------+-------++-------
Melee: Dagger            |    28 |    22 |     9 ||    59
 Cast: Magic Dart        |    73 |   157 |   140 ||   370
       Mephitic Cloud    |     2 |     8 |     5 ||    15
       Call Imp          |     1 |    10 |       ||    11
       Conjure Flame     |       |     7 |     4 ||    11
       Blink             |       |     1 |       ||     1
 Stab: Confused          |     1 |     3 |       ||     4
Armor: Robe              |     3 |       |       ||     3
       Leather armour    |     2 |     7 |     4 ||    13
Dodge: Dodged            |    26 |    23 |    20 ||    69
